 Dungeon Crawl Stone Soup version 0.27-a0-1319-geec4fb4e21 (webtiles) character file.

Game seed: 824088974510094297

58 flotson the Sneak (level 3, -2/29 HPs)
             Began as a Demonspawn Delver on June 21, 2021.
             Slain by a scorpion (4 damage)
             ... on level 2 of the Dungeon.
             The game lasted 00:05:27 (2042 turns).

flotson the Sneak (Demonspawn Delver)               Turns: 2042, Time: 00:05:27

Health: -2/29      AC:  5    Str: 13    XL:     3   Next: 75%
Magic:  3/3        EV: 11    Int: 11    God:
Gold:   105        SH:  0    Dex: 14    Spells: 2/2 levels left

rFire    . . .     SeeInvis .   a - +0 morningstar
rCold    . . .     Faith    .   (no shield)
rNeg     + . .     Spirit   .   j - +0 ring mail
rPois    .         Reflect  .   (no helmet)
rElec    .         Harm     .   (no cloak)
rCorr    .         Rampage  .   (no gloves)
Will     .....                  (no boots)
Stlth    ++........             (no amulet)
HPRegen  0.09/turn              p - ring of positive energy
MPRegen  0.08/turn              (no ring)

@: brilliant, lethally poisoned (-2 -> -8), attractive, hasted, very quick
A: powered by death 1
a: no special abilities


You were on level 2 of the Dungeon.
You visited 1 branch of the dungeon, and saw 5 of its levels.

You collected 133 gold pieces.
You spent 28 gold pieces at shops.

Inventory:

Hand Weapons
 a - a +0 morningstar (weapon)
 b - a +0 hunting sling
 h - a +0 hand axe
Missiles
 m - 3 boomerangs (quivered)
 o - 29 stones
Armour
 j - a +0 ring mail (worn)
 r - a +0 robe of cold resistance
Jewellery
 p - a ring of positive energy (left hand)
 q - a ring of ice
Wands
 g - a wand of digging (3)
Scrolls
 d - a scroll of noise {unknown}
 l - a scroll of immolation {unknown}
 n - a scroll of enchant armour {unknown}
 s - a scroll of vulnerability {unknown}
Potions
 c - a potion of flight
 f - a potion of cancellation
 k - a potion of haste


   Skills:
 + Level 3.4 Fighting
 + Level 2.3 Axes
 + Level 0.8 Throwing
 + Level 1.2 Armour
 + Level 2.3 Dodging
 - Level 4.5 Stealth
 + Level 0.1 Evocations


You had 2 spell levels left.
You didn't know any spells.
Your spell library was empty.

Dungeon Overview and Level Annotations

Branches:
Dungeon (5/15)
 Temple: D:4-7

Altars:
Gozag
Yredelemnul

Shops:
D:2 *


Innate Abilities, Weirdness & Mutations

You regenerate a little health from kills.


Message History

You kill the ball python!
No target in view!
No target in view!
You see here a ball python corpse.
A scorpion is nearby!
Throw: 3 boomerangs
Press: ? - help, Q - select action, (/) - cycle Shift-Dir - straight line, f - scorpion
Aim: a scorpion (wandering, hasn't noticed you, 59% to hit)
You throw a boomerang.
The boomerang hits the scorpion but does no damage.
You hit the scorpion but do no damage. The scorpion stings you.
You are poisoned.
The scorpion poisons you!
You closely miss the scorpion.
You feel very sick. The scorpion barely misses you.
The scorpion completely misses you.
You hit the scorpion.
The scorpion is moderately wounded.
You feel sick. The scorpion stings you. The scorpion misses you.
You are too injured to fight recklessly!
You are too injured to fight recklessly!
It was a potion of brilliance.
You feel clever all of a sudden.
You feel sick. The scorpion stings you.
* * * LOW HITPOINT WARNING * * *
You are lethally poisoned!
The scorpion poisons you!
It was a potion of attraction.
You feel attractive to monsters.
* * * LOW HITPOINT WARNING * * *
You feel sick. The scorpion completely misses you.
You feel yourself speed up.
* * * LOW HITPOINT WARNING * * *
You feel sick.
The scorpion stings you but does no damage.
You barely miss the scorpion.
The scorpion is moderately wounded.
* * * LOW HITPOINT WARNING * * *
You feel sick. The scorpion stings you.
You die...

#.#.#.# ##.#.###.#....# ##.#.##
#.............# #.###.#
#..#.###.###.## ##.#.##
##.#.....# #.# #.#.#.#
#..####### #.# ##.#.## ##†###
##'## #.###.# #....# ##...##
##.#.## #..#.# ##.....##
##.#.#.# ##@#.####.g.....##
...##..#.#.###s....<..........#
...............................+
#...######.#####...###.........#
#.. #.# #...# #.....S..## #. #.#
#...# #.#.....## # #.# #..##
#.##...## #.# #... ..###+## #..
.. ####


You could see a scorpion.

Vanquished Creatures
  An adder (D:4)
  A worm (D:2)
  3 dart slugs (D:2)
  6 orcs (D:4)
  2 endoplasms (D:2)
  2 hobgoblins
  2 ball pythons (D:2)
  4 bats
  7 goblins
  2 kobolds (D:1)
  4 rats
34 creatures vanquished.

Notes
Turn   | Place    | Note
-------+----------+-------------------------------------------
     0 | D:5      | flotson the Demonspawn Delver began the quest for the Orb.
     0 | D:5      | Reached XP level 1. HP: 18/18 MP: 1/1
    52 | D:5      | Noticed an orc wizard
    53 | D:5      | Noticed an orc wizard
   201 | D:4      | Noticed an ogre
   243 | D:4      | Gained mutation: You regenerate a little health from kills.
                  | [demonic ancestry]
   243 | D:4      | Reached XP level 2. HP: 24/24 MP: 2/2
   581 | D:3      | Found an opulent altar of Gozag.
   688 | D:2      | Found Eduaqonio's General Store.
   717 | D:2      | Bought a scroll of identify for 28 gold pieces
   734 | D:2      | Found a basalt altar of Yredelemnul.
   751 | D:2      | Reached XP level 3. HP: 29/29 MP: 3/3
   755 | D:2      | Noticed a scorpion
   855 | D:2      | Reached skill level 1 in Armour
   889 | D:1      | Found a faded altar of an unknown god.
  2042 | D:2      | Slain by a scorpion

Illustrated notes

Levels and vault maps discovered:
D:1:      minmay_arrival_hallway, layout_basic,
          hellmonk_ecumenical_altar_pennies_from_heaven, st_stairs_2,
          minmay_misc_feat_four_crosses
D:2:      layout_loops_corners, serial_shops, shop, basic_altar,
          roderic_roman_lattice, kennysheep_generic_room_16
D:3:      layout_loops_cross, lemuel_crystal_altar, gammafunk_ghost_smash,
          grunt_decor_one_mirror, kennysheep_jessica_study
D:4:      layout_basic, minmay_temple_entry_purple_smoke, dk_vineyard_2,
          kennysheep_boxes, uniq_crazy_yiuf_cottage, uniq_eustachio
D:5:      layout_basic, serial_corexii_hall, corexii_hall_statues_s,
          corexii_hall_statues_s, goddamned_bats

Skill      XL: |  1  2  3 |
---------------+----------+-----
Axes           | 2 |  2.3
Dodging        | 2 |  2.3
Armour         | 1 |  1.2
Fighting       | |  3.4
Throwing       | |  0.8
Stealth        | |  4.5
Evocations     | |  0.1

Action                   || total
-------------------------++-------
Melee: Hand axe          ||    49
       Morningstar       ||    53
Throw: Boomerang         ||    10
  Use: Scroll            ||     6
       Potion            ||     4
 Stab: Sleeping          ||     4
Armor: Ring mail         ||    48
Dodge: Dodged            ||   105

Table legend: (Time is in decaauts)
 A = Elapsed time spent in this place.
 B = Non-inter-level travel time spent in this place.
 C = Inter-level travel time spent in this place.
 D = Time resting spent in this place.
 E = Time spent auto-exploring this place.
 F = Levels seen in this place.
 G = Mean time per level.
                   A        B        C        D        E       F      G
               +--------+--------+--------+--------+--------+-----+--------+
         Total |   2059 |   1969 |     90 |    131 |   1264 |   5 |  411.8 |
       Dungeon |   2059 |   1969 |     90 |    131 |   1264 |   5 |  411.8 |
               +--------+--------+--------+--------+--------+-----+--------+

Top non-repeatable levels by time:
     D:1: 820 daAuts
     D:2: 667 daAuts
     D:4: 388 daAuts
     D:5: 96 daAuts
     D:3: 86 daAuts
